 Dungeon Crawl Stone Soup version bcrawl-1.40.3b (webtiles) character file.

Game seed: 16082421804683737334

7734311 Lazarus1551 the Eclecticist (level 20, -6/168 HPs)
             Began as an Oni Air Elementalist on Dec 14, 2023.
             Was an Elder of Ashenzari.
             Killed by divine providence
             ... invoked by a smoke demon
              (12 damage)
             ... on level 2 of the Abyss on Dec 18, 2023.
             The game lasted 02:38:10 (37355 turns).

Lazarus1551 the Eclecticist (Oni Air Elementalist) Turns: 37355, Time: 02:38:11

Health: -6/168     AC: 16    Str: 20      XL:     20   Next: 23%
Magic:  1/44       EV: 22    Int: 23 (25) God:    Ashenzari [****..]
Gold:   1083       SH: 28    Dex: 18      Spells: 1/55 levels left

rFire    + + .     GDR:     34% q - +1 double sword (elec)
rCold    + . .     SeeInvis +   l - +6 medium shield {reflect}
rNeg     . . .     Gourm    .   s - +3 leather armour of Words of Power {Slay+3}
rPois    .         Faith    .   t - +4 hat of Analysis {rF+ MR+ Str+7} (curse)
rElec    +         Spirit   .   n - +0 cloak
rCorr    .         Reflect  +   B - +1 pair of gloves
MR       ++...     Clarity  +   Z - +2 pair of boots "Vegas" {Int+2 Dex+3}
Stlth    +++++.....             N - +6 amulet of reflection
HPRegen  0.00/turn              k - ring of Owep {+Inv rElec rF+ rC+ Stlth++}
MPRegen  0.29/turn              z - ring of Autumn {EV+3 Dex+6 Stlth+}

@: non-regenerating, diseased, slowed, studying Bows, very slow
A: oni magic, claws 1, fangs 1, horns 1, [clumsy 2], [deformed body],
[deterioration 2], [inhibited regeneration]
}: 1/15 runes: decaying
a: Curse Item, Scrying, Renounce Religion, Evoke Invisibility


You were on level 2 of the Abyss.
You worshipped Ashenzari.
Ashenzari was greatly pleased with you.
You were near starving.

You visited 9 branches of the dungeon, and saw 30 of its levels.
You visited the Abyss 1 time.
You also visited: Ossuary.

You collected 3371 gold pieces.
You spent 2288 gold pieces at shops.

Inventory:

Hand Weapons
 q - a +1 double sword of electrocution (weapon)
 x - the +8 storm bow {lightning, rElec Stlth-}
   (You took it off a deep elf knight on level 1 of the Elven Halls)

   It insulates you from electricity.
   It makes you less stealthy.
Missiles
 a - 855 arrows
 j - 537 poisoned tomahawks (quivered)
 L - 2 throwing nets {=f}
 X - 119 javelins
Armour
 l - a +6 medium shield of reflection (worn)
 n - a +0 cloak (worn)
 o - the cursed +0 ring mail of Unotyxob {rElec Int+3}
   (You found it on level 1 of the Swamp)

   It affects your intelligence (+3).
   It insulates you from electricity.
   It has a curse placed upon it.
 p - the +1 hat "Luerph Wogh" {rC+ MR+ Slay+2}
   (You found it on level 1 of the Elven Halls)

   It affects your accuracy and damage with ranged weapons and melee attacks
   (+2).
   It protects you from cold.
   It affects your resistance to hostile enchantments.
 s - the +3 leather armour of Words of Power (worn) {Slay+3}
   (You found it on level 4 of the Dungeon)

   It affects your accuracy and damage with ranged weapons and melee attacks
   (+3).
 t - the cursed +4 hat of Analysis (worn) {rF+ MR+ Str+7}
   (You acquired it on level 10 of the Dungeon)

   It affects your strength (+7).
   It protects you from fire.
   It affects your resistance to hostile enchantments.
   It has a curse placed upon it.
 B - a +1 pair of gloves (worn)
 S - a +2 hat of intelligence
 Z - the +2 pair of boots "Vegas" (worn) {Int+2 Dex+3}
   (You bought it in a shop on level 1 of the Vaults)

   It affects your intelligence (+2).
   It affects your dexterity (+3).
Jewellery
 b - a +5 ring of strength
 k - the ring of Owep (left hand) {+Inv rElec rF+ rC+ Stlth++}
   (You bought it in a shop on level 7 of the Dungeon)

   [ring of stealth]

   It protects you from fire.
   It protects you from cold.
   It insulates you from electricity.
   It lets you turn invisible.
   It makes you much more stealthy.
 r - a +3 ring of slaying
 y - a +6 ring of evasion
 z - the ring of Autumn (right hand) {EV+3 Dex+6 Stlth+}
   (You took it off a deep elf mage on level 3 of the Elven Halls)

   [ring of evasion]

   It affects your evasion (+3).
   It affects your dexterity (+6).
   It makes you more stealthy.
 D - an uncursed amulet of regeneration
 I - an uncursed ring of insulation
 M - an uncursed ring of flight
 N - a +6 amulet of reflection (around neck)
 T - an uncursed ring of protection from magic
Wands
 f - a wand of paralysis (9)
 w - a wand of flame (37)
 C - a wand of digging (28)
 E - a wand of acid (11)
 G - a wand of charming (10)
 O - a wand of iceblast (36)
 R - a wand of polymorph (41)
 W - a wand of disintegration (31)
Scrolls
 d - 5 scrolls of noise
 g - 4 scrolls of immolation
 h - 13 scrolls of remove curse
 i - 7 scrolls of identify
 u - 6 scrolls of amnesia
 F - 6 scrolls of revelation
 J - 3 scrolls of vulnerability
 K - 4 scrolls of enchant weapon
 V - a scroll of enchant armour
Potions
 c - 4 potions of flight
 m - 2 potions of resistance
 v - 8 potions of mutation
 A - 3 potions of lignification
 H - 4 potions of brilliance
 P - 2 potions of cancellation
 U - a potion of might
Comestibles
 e - 47 rations {!d}


   Skills:
 + Level 12.0(12.4) Fighting
 - Level 8.5(9.0) Long Blades
 + Level 4.0(4.4) Bows
 + Level 10.8(11.2) Throwing
 + Level 6.3(6.7) Armour
 + Level 11.4(11.9) Dodging
 + Level 3.2(3.6) Stealth
 + Level 11.2(11.6) Shields
 - Level 0.4(0.6) Unarmed Combat
 * Level 18.0(18.4) Spellcasting
   Level 18.0(18.4) Conjurations
   Level 18.0(18.4) Hexes
   Level 18.0(18.4) Charms
   Level 18.0(18.4) Summonings
   Level 18.0(18.4) Necromancy
   Level 18.0(18.4) Translocations
   Level 18.0(18.4) Transmutations
   Level 18.0(18.4) Fire Magic
   Level 18.0(18.4) Ice Magic
   Level 18.0(18.4) Air Magic
   Level 18.0(18.4) Earth Magic
   Level 18.0(18.4) Poison Magic
 + Level 0.6(0.9) Evocations


You had one spell level left.
You knew the following spells:

 Your Spells              Type           Power        Failure   Level  Hunger
a - Static Discharge      Air            ######       0%          1    None
b - Throw Icicle          Conj/Ice       #######.     1%          4    None
c - Summon Fire Elementa  Fire/Summ      #######..    6%          7    ###....
d - Mephitic Cloud        Conj/Pois/Air  #######.     1%          3    None
e - Swiftness             Chrm/Air       #######.     0%          2    None
f - Fulminant Prism       Conj/Hex       #######...   1%          4    None
g - Lightning Bolt        Conj/Air       #######.     1%          4    None
h - Fireball              Conj/Fire      #######...   1%          5    None
i - Summon Hydra          Summ           #######...   1%          6    None
j - Lee's Rapid Deconstr  Erth           #######...   1%          5    None
k - Icicle Burst          Conj/Ice       #######...   6%          7    ###....
l - Conjure Ball Lightni  Conj/Air       #######...   1%          6    None

Your spell library contained the following spells:

 Spells                   Type           Power        Failure   Level  Hunger
 Sting                    Conj/Pois      ####         0%          1    None
 Corpse Rot               Necr           N/A          0%          2    None
 Shock                    Conj/Air       #######      0%          2    None


Dungeon Overview and Level Annotations

Branches:
Dungeon (12/12)            Temple (1/1) D:5            Lair (6/6) D:8
  Swamp (3/3) Lair:2        Snake (1/3) Lair:2        Slime (0/5) Orc
    Orc (1/1) D:8             Elf (3/3) Lair:6       Vaults (2/3) D:11
  Crypt (0/2) Vaults:2     Depths (1/5) D:12

Altars:
Ashenzari
Dithmenos
Hepliaklqana
Makhleb
Okawaru
Sif Muna
Trog
Uskayaw
Vehumet
Jiyva

Shops:
D:7 =?=(   D:8 :   Orc }[(%   Elf:3 }   Vaults:1 [(

Annotations:
D:3 2 transporters, Wachungys's ghost, amateur NaAc
D:6 3 runed translucent doors, Varyis's ghost, novice FeMA; tronn's ghost, novice DjAc


Innate Abilities, Weirdness & Mutations

You learn spells by gaining experience, not through books or religion.
You only train spellcasting to practice magic.
You have sharp fingernails.
You have very sharp teeth.
You have a pair of small horns on your head.
[You are very clumsy. (Dex -4)]
[Armour fits poorly on your strangely shaped body.]
[Your body often deteriorates upon taking damage.]
[You do not regenerate when monsters are visible.]


Message History

You hit the smoke demon.
The smoke demon is heavily wounded.
You feel ill. You block the smoke demon's attack. x3
The smoke demon hits you but does no damage.
You block the smoke demon's attack. x2
Casting: Throw Icicle (safe; 1% risk of failure)
Confirm with . or Enter, or press ? or * to list all spells.
Fire elementals appear around you.
You feel ill. The smoke demon gestures at you.
The ball of steam hits your fire elemental.
Your fire elemental resists.
The ball of steam misses you. The smoke demon completely misses you.
You block the smoke demon's attack. The smoke demon completely misses you.
You slice the smoke demon!!
Lightning courses through the smoke demon!
You kill the smoke demon!
You block the ancient zyme's attack. The ancient zyme misses you.
The smoke demon gestures at you. Something smites you!
You die...

,* * , * ** , **
*,,,,, ,* * *... ,, *
* * ,, *,, ,..# .. *
, , * *
*,*.#,,*.#..*..#*# *
* , #.., .#..*..
..*,, , ,* *
..#(##..##.#..#,, *,
, * ......#3.......
,* , ,
,*,,,#.#..EE#.....#.
* , , ***
,#....@x###.... # * ,
*#...#..#.......# * ,
,,..#.,
,#.##.#...###* , , #
#
,...,##.##.####...,,*
, ...,# . #.......
,.#* **,, ,# .#*..
##.. # .#.# , * , ,,
.*, #*#..... .##.# ..
*** ## *., .#.## #
..# #.. ,** , ,* ,
*.#. #.,. ,# ..,. ,*


You could see an ancient zyme, a smoke demon and 2 friendly fire elementals.

Vanquished Creatures
  An ancient lich (Abyss:2)
  Saint Roka (Vaults:1)
  Gastronok (Lair:2)
  Zenata (Vaults:1)
  A deep elf master archer (Elf:3)
  2 deep elf blademasters (Elf:3)
  A lich (Vaults:1)
  2 thorn hunters
  Donald (Vaults:1)
  2 fire giants
  2 deep elf sorcerers (Elf:3)
  2 vault wardens (Vaults:1)
  3 mutant beasts (D:11)
  4 deep elf elementalists
  A stone giant (Vaults:1)
  2 ironheart preservers (Vaults:1)
  2 spriggan defenders (Depths:1)
  2 very ugly things (Vaults:1)
  7 deep elf demonologists
  2 dire elephants (Vaults:1)
  4 deep elf annihilators (Elf:3)
  An ettin (Depths:1)
  3 deep elf death magi
  2 green deaths (Swamp:3)
  Urug (D:11)
  A fire dragon (Vaults:2)
  A yaktaur captain (Vaults:1)
  Harold (D:8)
  16 hydras
  A deep elf high priest (Elf:3)
  A shambling mangrove (Swamp:3)
  A naga warrior (Snake:1)
  3 rakshasas
  A catoblepas (D:12)
  3 ghost crabs (Swamp:3)
  2 ogre magi (Vaults:1)
  An anaconda (Snake:1)
  5 alligators
  5 death yaks
  2 deep troll shamans (Vaults:1)
  3 great orbs of eyes (Vaults:1)
  8 two-headed ogres
  27 dancing weapons
  An ironheart beastmaster (Vaults:1)
  A shock serpent (Snake:1)
  4 thrashing horrors
  3 deep trolls (Vaults:1)
  Nergalle (D:11)
  9 deep elf knights
  A fire crab (shapeshifter) (D:12)
  A wretched star (Abyss:2)
  6 centaur warriors
  A goliath frog (Swamp:2)
  7 swamp dragons
  An unseen horror (D:9)
  2 spriggan druids
  7 deep elf archers
  A death drake (Abyss:2)
  2 phantasmal warriors (Vaults:2)
  Pikel (D:6)
  3 starcursed masses (Abyss:2)
  30 ugly things
  4 necromancers (Lair:6)
  An obsidian statue (Lair:6)
  4 ironheart convokers (Vaults:1)
  A naga mage (Snake:1)
  6 wizards
  2 orc sorcerers (Vaults:1)
  2 orc knights
  54 deep elf magi
  14 elephants
  A manticore (shapeshifter) (Depths:1)
  A water nymph (shapeshifter) (Elf:3)
  7 black mambas
  2 manticores (D:11)
  Joseph (D:7)
  A guardian serpent (Snake:1)
  4 vault sentinels
  A smoke demon (Abyss:2)
  A gargoyle (D:11)
  9 cane toads
  A torpor snail (Lair:5)
  An orange demon (Swamp:3)
  3 rime drakes
  2 kobold demonologists (D:10)
  22 yaktaurs (Vaults:1)
  2 rime drakes (shapeshifter) (D:12)
  2 efreet
  7 komodo dragons
  An eye of draining (D:11)
  3 freezing wraiths
  A tengu conjurer (Vaults:1)
  2 trolls
  3 polar bears
  3 meliai (D:12)
  A meliai (shapeshifter) (D:12)
  A wolf spider simulacrum (D:12)
  A queen bee (Lair:3)
  5 hornets
  A raiju (shapeshifter) (Vaults:1)
  Grinder (D:3)
  2 harpy skeletons
  4 tyrant leeches
  10 bog bodies
  Prince Ribbit (D:9)
  10 hippogriffs
  3 spectral elephants (Lair:6)
  34 slime creatures
  Grum (D:9)
  2 dream sheep (D:10)
  2 air elementals
  3 spriggans
  6 shadows
  Sigmund (D:4)
  2 wyverns (D:8)
  3 wraiths
  4 water elementals
  29 yaks
  A basilisk (D:8)
  A neqoxec (Abyss:2)
  A steam dragon (D:8)
  A chaos spawn (Abyss:2)
  6 vampire mosquitoes
  The ghost of Pericco the Conjurer, an amateur HuCj (D:10)
  2 wargs (Orc)
  2 nagas (Snake:1)
  13 swamp worms
  6 crocodiles
  18 water moccasins
  2 hornet zombies
  A floating eye (shapeshifter) (Elf:2)
  4 large abominations
  4 porcupines
  An ice beast (D:5)
  4 sky beasts
  A soldier ant (shapeshifter) (Vaults:1)
  An elephant zombie (Lair:6)
  A black bear (Lair:4)
  5 swamp drakes
  25 orc warriors
  A necrophage (D:10)
  13 ogres
  6 boggarts
  An elephant skeleton (Lair:6)
  3 small abominations
  6 wolves
  17 kobold brigands
  4 earth elementals
  14 bullfrogs
  A gnoll sergeant (D:8)
  3 centaurs
  A water moccasin zombie (D:8)
  5 scorpions
  2 elephant simulacra (Lair:6)
  23 killer bees (Lair:3)
  3 electric eels
  6 howler monkeys
  A wight (D:5)
  13 orc priests
  4 crimson imps
  6 hounds
  2 jellies
  Crazy Yiuf (D:3)
  15 orc wizards
  4 iguanas
  Terence (D:2)
  9 worker ants
  2 hound zombies
  2 hound skeletons
  9 mummies
  Robin (D:3)
  A worker ant zombie (D:9)
  5 gnolls (D:8)
  12 adders
  6 shadow imps
  3 oozes (D:1)
  3 worms
  6 dart slugs
  A leopard gecko (D:4)
  96 orcs
  2 ball pythons
  2 giant cockroaches
  A gnoll zombie (Ossuary)
  12 goblins
  15 hobgoblins
  18 jackals
  30 kobolds
  A quokka (D:3)
  8 bats
  8 frilled lizards
  3 hobgoblin zombies (Ossuary)
  2 jackal zombies (D:5)
  4 kobold zombies
  2 orc zombies
  6 rats
  A fungus (Lair:6)
  2 withered plants (Lair:6)
1041 creatures vanquished.

Vanquished Creatures (collateral kills)
  A tentacled monstrosity (Swamp:3)
  A deep elf blademaster (Elf:2)
  2 thorn hunters
  A vault warden (Vaults:1)
  An orc warlord (Orc)
  A stone giant (Vaults:1)
  3 dire elephants
  An ettin (Vaults:1)
  A deep elf high priest (Elf:3)
  2 hydras
  A rakshasa (D:12)
  A dancing weapon (Elf:2)
  A death knight (D:12)
  An orc high priest (Orc)
  An alligator (Swamp:1)
  2 deep elf knights
  A goliath frog (Swamp:1)
  A spectral anaconda (Lair:6)
  A cyclops (D:11)
  An orc knight (Orc)
  3 deep elf magi (Elf:3)
  5 ugly things
  3 elephants (Lair:6)
  4 will-o'-wisps (Swamp:3)
  2 cane toads
  A freezing wraith (D:12)
  2 yaktaurs (Vaults:1)
  A bog body (Swamp:3)
  10 slime creatures
  A hornet (Swamp:2)
  2 spectral elephants (Lair:6)
  A wyvern (D:11)
  2 shadows (D:11)
  A wraith (D:12)
  3 death yak simulacra (Lair:6)
  A warg (D:12)
  A sky beast (D:11)
  4 orc warriors
  2 elephant zombies (Lair:6)
  2 boggarts (D:12)
  An elephant skeleton (Lair:6)
  A cane toad simulacrum (Lair:6)
  A centaur (D:11)
  3 orc priests (Orc)
  4 orc wizards (Orc)
  A shadow imp (D:11)
  12 orcs
  A withered plant (Lair:6)
100 creatures vanquished.

Vanquished Creatures (others)
  A deep elf master archer (Elf:3)
  A mana viper (Snake:1)
  A naga mage (Snake:1)
  A salamander (Snake:1)
  A deep elf mage (Elf:2)
  4 yaktaurs (Vaults:1)
  2 centaurs (D:9)
  A crimson imp (D:6)
  An orc (Vaults:1)
  15 ball lightnings
  74 fulminant prisms
  21 fungi
  24 plants
  7 withered plants
154 creatures vanquished.

Grand Total: 1295 creatures vanquished

Notes
Turn   | Place    | Note
-------+----------+-------------------------------------------
     0 | D:1      | Lazarus1551 the Oni Air Elementalist began the quest for
                  | the Orb.
     0 | D:1      | Reached XP level 1. HP: 14/14 MP: 6/6
   134 | D:1      | Reached skill level 3 in Spellcasting
   185 | D:1      | Reached XP level 2. HP: 20/20 MP: 6/8
   204 | D:1      | Learned a level 1 spell: Sting
   207 | D:1      | Learned a level 2 spell: Shock
   495 | D:1      | Reached XP level 3. HP: 22/27 MP: 5/9
  1167 | D:2      | Reached XP level 4. HP: 32/34 MP: 11/11
  1474 | D:2      | Noticed Terence
  1479 | D:2      | Killed Terence
  1770 | D:3      | Noticed Grinder
  1878 | D:3      | Noticed Wachungys's ghost (amateur NaAc)
  1977 | D:3      | Learned a level 3 spell: Mephitic Cloud
  1983 | D:3      | Reached skill level 4 in Spellcasting
  1985 | D:3      | Reached XP level 5. HP: 38/39 MP: 5/13
  2104 | D:3      | Noticed Robin
  2137 | D:3      | Killed Robin
  2231 | D:3      | Found a transporter.
  2231 | D:3      | Found a transporter.
  2236 | D:3      | Identified the ring of Charity {Fire +Blink}
  2339 | D:3      | Found a runed door.
  2375 | D:3      | Learned a level 2 spell: Swiftness
  2484 | D:3      | Paralysed by Grinder for 3 turns
  2493 | D:3      | Paralysed by Grinder for 2 turns
  2501 | D:3      | Killed Grinder
  2502 | D:3      | Reached skill level 1 in Fighting
  2502 | D:3      | Reached skill level 1 in Throwing
  2502 | D:3      | Reached XP level 6. HP: 38/47 MP: 6/15
  2632 | D:3      | Found an iron altar of Okawaru.
  2775 | D:3      | Found a hazy altar of Hepliaklqana.
  3137 | D:3      | Noticed Crazy Yiuf
  3146 | D:3      | Killed Crazy Yiuf
  3147 | D:3      | Reached XP level 7. HP: 28/52 MP: 6/16
  3276 | D:4      | Reached skill level 5 in Spellcasting
  3777 | D:4      | Noticed a yak
  3785 | D:4      | Killed a yak
  4152 | D:4      | Got a buzzing leather armour
  4167 | D:4      | Noticed Sigmund
  4174 | D:4      | Killed Sigmund
  4175 | D:4      | Reached XP level 8. HP: 61/61 MP: 9/18
  4284 | D:5      | Entered Level 5 of the Dungeon
  4297 | D:5      | Identified the +3 leather armour of Words of Power {Slay+3}
                  | (You found it on level 4 of the Dungeon)
  4335 | D:5      | Found a shadowy altar of Dithmenos.
  4367 | D:5      | Found a staircase to the Ecumenical Temple.
  4482 | D:5      | Reached skill level 6 in Spellcasting
  4564 | D:5      | Noticed a two-headed ogre
  4591 | D:5      | Killed a two-headed ogre
  4592 | D:5      | Reached XP level 9. HP: 52/69 MP: 12/21
  4629 | D:5      | Found a sand-covered staircase.
  4636 | Ossuary  | Entered an ossuary
  4668 | Ossuary  | Reached skill level 1 in Armour
  4752 | Ossuary  | Reached skill level 7 in Spellcasting
  4961 | D:5      | Reached skill level 1 in Long Blades
  5758 | D:6      | Got a scintillating brass ring
  5760 | D:6      | Identified the cursed ring "Caniczih" {Str+3 Stlth--} (You
                  | found it on level 6 of the Dungeon)
  6112 | D:6      | Noticed Pikel
  6132 | D:6      | Killed Pikel
  6133 | D:6      | Reached XP level 10. HP: 63/80 MP: 20/23
  6140 | D:6      | Found a runed translucent gate.
  6140 | D:6      | Found a runed translucent gate.
  6141 | D:6      | Found a runed translucent gate.
  6173 | D:6      | Noticed tronn's ghost (novice DjAc)
  6173 | D:6      | Noticed Varyis's ghost (novice FeMA)
  6477 | D:7      | Found Fime's Jewellery Emporium.
  6589 | D:7      | Found Paidef's Jewellery Shoppe.
  6649 | D:7      | Reached skill level 5 in Dodging
  6665 | D:7      | Noticed Joseph
  6679 | D:7      | Killed Joseph
  6705 | D:7      | Learned a level 4 spell: Fulminant Prism
  6747 | D:7      | Reached skill level 5 in Long Blades
  6749 | D:7      | Found Zuoschoiz's Magic Scroll Shoppe.
  6846 | D:7      | Found Zocush's Weapon Boutique.
  7276 | D:8      | Noticed Harold
  7289 | D:8      | Killed Harold
  7290 | D:8      | Reached skill level 5 in Fighting
  7316 | D:8      | Found Borair's Book Boutique.
  7447 | D:8      | Found a staircase to the Lair.
  7461 | D:8      | Reached skill level 5 in Throwing
  7716 | D:8      | Reached XP level 11. HP: 88/88 MP: 7/24
  7754 | D:8      | Found a staircase to the Orcish Mines.
  7965 | Temple   | Entered the Ecumenical Temple
  7969 | Temple   | Became a worshipper of Ashenzari the Shackled
  7970 | Temple   | Found the cursed amulet of Vision {SInv *Curse}
  8034 | D:8      | Learned a level 4 spell: Lightning Bolt
  8040 | D:8      | Learned a level 5 spell: Fireball
  8047 | D:8      | Learned a level 4 spell: Throw Icicle
  8143 | D:9      | Found a shimmering blue altar of Sif Muna.
  8391 | D:9      | Reached skill level 8 in Spellcasting
  8391 | D:9      | Noticed Prince Ribbit
  8401 | D:9      | Killed Prince Ribbit
  8402 | D:9      | Noticed a two-headed ogre
  8421 | D:9      | Killed a two-headed ogre
  8626 | D:9      | Killed an unseen horror
  8627 | D:9      | Reached skill level 1 in Shields
  8772 | D:9      | Noticed Grum
  8785 | D:9      | Killed Grum
  8998 | D:10     | Entered Level 10 of the Dungeon
  9126 | D:10     | Noticed a six-headed hydra
  9295 | Lair:1   | Entered Level 1 of the Lair of Beasts
 10396 | Lair:2   | Noticed Gastronok
 10419 | Lair:2   | Killed Gastronok
 10420 | Lair:2   | Reached skill level 9 in Spellcasting
 10420 | Lair:2   | Reached XP level 12. HP: 66/97 MP: 1/27
 10670 | D:7      | Bought a scroll of acquirement for 624 gold pieces
 10671 | D:7      | Identified the cursed +9 lajatang "Giantslayer" {slice,
                  | rPois MP-9 Str+2 Dex+5} (You acquired it on level 7 of the
                  | Dungeon)
 10998 | Lair:2   | Reached * piety under Ashenzari
 11164 | Lair:2   | Found a staircase to the Snake Pit.
 11678 | Lair:2   | Found a staircase to the Swamp.
 12558 | Lair:3   | Found a radiant altar of Vehumet.
 12578 | Lair:3   | Noticed a seven-headed hydra
 12972 | Lair:3   | Noticed a seven-headed hydra
 12977 | Lair:3   | Killed a seven-headed hydra
 12978 | Lair:3   | Reached skill level 10 in Spellcasting
 12978 | Lair:3   | Reached XP level 13. HP: 105/105 MP: 22/29
 13150 | Lair:4   | Paralysed by fainting for 8 turns
 13179 | Lair:4   | Reached skill level 5 in Shields
 13656 | Lair:4   | Reached ** piety under Ashenzari
 14743 | Lair:5   | Reached skill level 5 in Armour
 15343 | Lair:6   | Entered Level 6 of the Lair of Beasts
 15510 | Lair:6   | Reached skill level 11 in Spellcasting
 15668 | Lair:6   | Reached XP level 14. HP: 112/116 MP: 4/31
 15737 | Lair:6   | Learned a level 6 spell: Summon Hydra
 15858 | Lair:6   | Found a staircase to the Elven Halls.
 15974 | Lair:6   | Noticed a dire elephant
 15975 | Lair:6   | Noticed a dire elephant
 15978 | Lair:6   | Killed a dire elephant
 16353 | Lair:6   | Learned a level 5 spell: Lee's Rapid Deconstruction
 16397 | Lair:6   | Identified Kikubaaqudgh's Reference Book on Unholy Magic
 16433 | Lair:6   | Reached skill level 12 in Spellcasting
 16517 | Lair:6   | Killed a dire elephant
 17377 | D:10     | Identified the cursed +4 hat of Analysis {rF+ MR+ Str+7}
                  | (You acquired it on level 10 of the Dungeon)
 17377 | D:10     | Identified the cursed amulet "Biseipn" {Rage MR+ Dex+6}
                  | (You acquired it on level 10 of the Dungeon)
 17720 | D:10     | Found a runed translucent gate.
 17721 | D:10     | Found a runed translucent gate.
 17722 | D:10     | Found a runed translucent gate.
 17722 | D:10     | Noticed Pericco's ghost (amateur HuCj)
 17911 | D:10     | Reached *** piety under Ashenzari
 18130 | D:10     | Killed Pericco's ghost
 18361 | D:11     | Reached skill level 13 in Spellcasting
 18366 | D:11     | Noticed Nergalle
 18384 | D:11     | Killed Nergalle
 18385 | D:11     | Reached XP level 15. HP: 55/126 MP: 9/34
 18390 | D:11     | Noticed Urug
 18421 | D:11     | Found a runed translucent door.
 18422 | D:11     | Found a gate to the Vaults.
 18422 | D:11     | Noticed a mature weirdbat beast
 18440 | D:11     | Killed Urug
 18844 | D:12     | Entered Level 12 of the Dungeon
 18862 | D:12     | Reached skill level 10 in Fighting
 19075 | D:12     | Found a staircase to the Depths.
 20270 | Swamp:1  | Entered Level 1 of the Swamp
 20282 | Swamp:1  | Noticed a thorn hunter
 20287 | Swamp:1  | Killed a thorn hunter
 21023 | Swamp:1  | Got the cursed ring mail of Unotyxob {rElec Int+3}
 21831 | Swamp:2  | Reached skill level 14 in Spellcasting
 21990 | Swamp:2  | Reached **** piety under Ashenzari
 22576 | Swamp:2  | Noticed a thorn hunter
 22585 | Swamp:2  | Reached XP level 16. HP: 134/136 MP: 17/36
 22592 | Swamp:2  | Killed a thorn hunter
 22610 | Swamp:2  | Learned a level 7 spell: Icicle Burst
 22882 | Swamp:3  | Entered Level 3 of the Swamp
 23033 | Swamp:3  | Noticed a thorn hunter
 23036 | Swamp:3  | Killed a thorn hunter
 23370 | Swamp:3  | Noticed a thorn hunter
 23380 | Swamp:3  | Killed a thorn hunter
 23620 | Swamp:3  | Reached skill level 10 in Dodging
 24749 | Swamp:3  | Reached skill level 15 in Spellcasting
 24753 | Swamp:3  | Noticed a tentacled monstrosity
 24885 | Swamp:3  | Killed a tentacled monstrosity
 25085 | Swamp:3  | Identified the cursed +0 ring mail of Unotyxob {rElec
                  | Int+3} (You found it on level 1 of the Swamp)
 25085 | Swamp:3  | Got a decaying rune of Zot
 25365 | Orc      | Entered the Orcish Mines
 25588 | Orc      | Found Anudoq's Antique Armour Emporium.
 25590 | Orc      | Found a roughly hewn altar of Beogh.
 25592 | Orc      | Found Cyuriw's Antique Weapon Shoppe.
 25621 | Orc      | Found a burning altar of Makhleb.
 25685 | Orc      | Found a roughly hewn altar of Beogh.
 25849 | Orc      | Found a viscous altar of Jiyva.
 25849 | Orc      | Found a staircase to the Slime Pits.
 26248 | Orc      | Found a roughly hewn altar of Beogh.
 26255 | Orc      | Found Sammil's Food Shoppe.
 26438 | Orc      | Found a roughly hewn altar of Beogh.
 26439 | Orc      | Found Yklomorch's Gadget Emporium.
 26800 | D:11     | Reached XP level 17. HP: 128/143 MP: 16/38
 26879 | Vaults:1 | Entered Level 1 of the Vaults
 27212 | Vaults:1 | Noticed a lich
 27544 | Vaults:1 | Found Onnij's Armour Boutique.
 27552 | Vaults:1 | Bought the +2 pair of boots "Vegas" {Int+2 Dex+3} for 576
                  | gold pieces
 27685 | Vaults:1 | Killed a lich
 28109 | Vaults:1 | Identified the +1 robe of an ice cave {rPois rN+ Int+3}
 28112 | Vaults:1 | Reached skill level 16 in Spellcasting
 28342 | Vaults:1 | Noticed Saint Roka
 28429 | Vaults:1 | Noticed Zenata
 28930 | Vaults:1 | Killed Saint Roka
 29152 | Vaults:1 | Reached XP level 18. HP: 145/151 MP: 26/40
 29159 | Vaults:1 | Learned a level 6 spell: Conjure Ball Lightning
 29205 | Vaults:1 | Found Ehoigalo's Antique Weapon Shop.
 29711 | Vaults:1 | Noticed Donald
 29909 | Vaults:1 | Killed Zenata
 30046 | Vaults:1 | Killed Donald
 30200 | D:7      | Bought the ring of Owep {+Inv rElec rF+ rC+ Stlth++} for
                  | 728 gold pieces
 30703 | Vaults:2 | Reached skill level 17 in Spellcasting
 30791 | Vaults:2 | Found a staircase to the Crypt.
 31469 | Elf:1    | Entered Level 1 of the Elven Halls
 31972 | Elf:1    | Identified the +1 hat "Luerph Wogh" {rC+ MR+ Slay+2}
 32696 | Elf:2    | Noticed a Brimstone Fiend
 33078 | Elf:2    | Reached XP level 19. HP: 159/159 MP: 33/42
 33082 | Elf:2    | Reached skill level 10 in Throwing
 33094 | Elf:2    | Reached skill level 10 in Shields
 33258 | Elf:2    | Found a runed gate.
 33258 | Elf:2    | Found a runed gate.
 33258 | Elf:2    | Found a runed gate.
 33613 | Elf:2    | HP: 4/160 [deep elf knight/+2 scimitar of slicing (19)]
 33613 | Elf:2    | HP: 1/160 [deep elf knight/+2 scimitar of slicing (3)]
 34407 | Depths:1 | Entered Level 1 of the Depths
 34982 | Snake:1  | Entered Level 1 of the Snake Pit
 35211 | Snake:1  | Reached skill level 1 in Bows
 35592 | Elf:3    | Entered Level 3 of the Elven Halls
 35754 | Elf:3    | Found Rosiull's Gadget Shoppe.
 36194 | Elf:3    | Identified the ring of Autumn {EV+3 Dex+6 Stlth+}
 36305 | Elf:3    | Bought a wand of digging (11) for 360 gold pieces
 36464 | Elf:3    | Identified the +4 flail of Extremism {flame, rN+ MR+ Str+4}
 36527 | Elf:3    | Reached XP level 20. HP: 134/168 MP: 30/43
 36720 | Elf:3    | Learned a level 7 spell: Summon Fire Elementals
 36907 | Elf:3    | Reached skill level 18 in Spellcasting
 36937 | Elf:3    | Cast into level 1 of the Abyss (a deep elf sorcerer)
 37069 | Abyss:2  | Noticed an ancient lich
 37082 | Abyss:2  | Killed an ancient lich
 37216 | Abyss:2  | Found a bloodstained altar of Trog.
 37352 | Abyss:2  | HP: 6/168 [smoke demon/divine providence (10)]
 37355 | Abyss:2  | Killed from afar by a smoke demon

Skill      XL: |  1  2  3  4  5  6  7  8  9 10 11 12 13 14 15 16 17 18 19 20 |
---------------+-------------------------------------------------------------+-----
Spellcasting   | 3 4 5 6 7 9 10 11 13 14 15 16 17 18 | 18.0
Dodging        | 2 3 4 5 6 7 8 9 10 11 | 11.4
Fighting       | 1 2 3 4 5 6 7 8 9 10 11 12 | 12.0
Throwing       | 1 2 4 5 6 7 8 9 10 | 10.8
Armour         | 2 3 4 5 6 |  6.3
Long Blades    | 4 6 8 |  8.5
Shields        | 3 4 6 7 8 9 10 11 | 11.2
Stealth        | 2 3 |  3.2
Bows           | 4 |  4.0
Unarmed Combat | |  0.4
Conjurations   | | 18.0
Hexes          | | 18.0
Charms         | | 18.0
Summonings     | | 18.0
Necromancy     | | 18.0
Translocations | | 18.0
Transmutations | | 18.0
Fire Magic     | | 18.0
Ice Magic      | | 18.0
Air Magic      | | 18.0
Earth Magic    | | 18.0
Poison Magic   | | 18.0
Evocations     | |  0.6

Action                   |  1- 3 |  4- 6 |  7- 9 | 10-12 | 13-15 | 16-18 | 19-21 || total
-------------------------+-------+-------+-------+-------+-------+-------+-------++-------
Melee: Unarmed           |    91 |    90 |       |       |       |       |       ||   181
       Headbutt          |    15 |    17 |    27 |    90 |   143 |    97 |    42 ||   431
       Bite              |     4 |     9 |    14 |    42 |    85 |    61 |    26 ||   241
       Falchion          |       |    20 |   113 |   476 |   198 |       |       ||   807
       Quarterstaff      |       |       |    15 |       |       |       |       ||    15
       Punch             |       |       |       |     1 |     4 |     2 |       ||     7
       Double sword      |       |       |       |       |   453 |   489 |   197 ||  1139
 Fire: Shortbow          |       |       |       |       |       |       |    23 ||    23
Throw: Tomahawk          |       |    25 |    16 |    60 |    18 |   131 |   103 ||   353
       Javelin           |       |       |       |       |    29 |    51 |       ||    80
       Throwing net      |       |       |       |       |       |     2 |       ||     2
 Cast: Static Discharge  |    16 |    11 |    11 |       |       |       |       ||    38
       Sting             |     8 |     9 |    14 |     2 |       |       |       ||    33
       Shock             |     3 |    20 |    12 |     1 |    24 |       |       ||    60
       Mephitic Cloud    |       |     5 |     5 |     5 |     6 |     3 |       ||    24
       Swiftness         |       |       |     3 |     3 |     3 |     1 |     1 ||    11
       Fulminant Prism   |       |       |       |    22 |     9 |    35 |     8 ||    74
       Lightning Bolt    |       |       |       |    21 |    70 |    19 |     8 ||   118
       Throw Icicle      |       |       |       |     6 |    55 |   217 |    95 ||   373
       Fireball          |       |       |       |     3 |     8 |    16 |     6 ||    33
       Summon Hydra      |       |       |       |       |    30 |    44 |     3 ||    77
       Lee's Rapid Decon |       |       |       |       |     9 |    20 |     6 ||    35
       Icicle Burst      |       |       |       |       |       |    17 |     7 ||    24
       Conjure Ball Ligh |       |       |       |       |       |     2 |       ||     2
       Summon Fire Eleme |       |       |       |       |       |       |     3 ||     3
Invok: Curse Item        |       |       |       |       |       |       |     1 ||     1
Evoke: Wand              |       |       |       |       |       |     7 |     1 ||     8
  Use: Scroll            |       |       |     7 |     6 |    21 |    14 |     6 ||    54
       Potion            |       |       |     5 |     1 |     4 |    18 |     4 ||    32
 Stab: Sleeping          |     3 |       |       |     1 |     1 |       |     4 ||     9
       Confused          |       |     1 |     1 |     1 |     5 |     1 |       ||     9
       Distracted        |       |       |       |       |     3 |     3 |       ||     6
       Held in net/web   |       |       |       |       |       |     1 |       ||     1
  Eat: Chunk             |     4 |    11 |    11 |    38 |    33 |    39 |    16 ||   152
       Ration            |       |       |     1 |       |     7 |     7 |     2 ||    17
Armor: Animal skin       |    23 |    22 |     2 |       |       |       |       ||    47
       Leather armour    |       |       |    21 |    59 |   159 |    79 |    43 ||   361
Dodge: Dodged            |    63 |    94 |   137 |   377 |   592 |   405 |   112 ||  1780
Block: Other             |       |       |       |   116 |   306 |   133 |     8 ||   563
       Reflection        |       |       |       |     4 |     6 |    32 |    21 ||    63
       Medium shield     |       |       |       |       |       |   208 |   298 ||   506
